 Dungeon Crawl Stone Soup version 0.31-a0-983-g7b6862f502 (webtiles) character file.

Game seed: 13331910516768934760

395 gruber the Slasher (level 6, -1/32 HPs)
             Began as a Vine Stalker Fighter on Nov 2, 2023.
             Slain by an ogre
             ... wielding a +0 giant club
              (28 damage)
             ... on level 4 of the Dungeon.
             The game lasted 00:03:29 (2698 turns).

gruber the Slasher (Vine Stalker Fighter)           Turns: 2698, Time: 00:03:29

Health: -1/32      AC:  7    Str: 19    XL:     6   Next: 82%
Magic:  0/7        EV:  9    Int:  8    God:
Gold:   122        SH:  5    Dex: 15    Spells: 5/5 levels left

rFire   . . .        a - +0 long sword
rCold   . . .        c - +0 buckler
rNeg    . . .        b - +0 scale mail
rPois   .            (no helmet)
rElec   .            (no cloak)
rCorr   .            (no gloves)
SInv    .            v - +0 pair of boots
Will    .....        (no amulet) Stlth
                     q - ring of flight
HPRegen 1.05/turn    (no ring)
MPRegen 0.10/turn

%: guardian spirit
@: flying
A: fangs 2, regeneration 1, magic shield, antimagic bite, no potion heal 2
a: no special abilities


You were on level 4 of the Dungeon.
You visited 1 branch of the dungeon, and saw 4 of its levels.

You collected 122 gold pieces.

Inventory:

Hand Weapons
 a - a +0 long sword (weapon)
Armour
 b - a +0 scale mail (worn)
 c - a +0 buckler (worn)
 v - a +0 pair of boots (worn)
Jewellery
 q - a ring of flight (left hand)
 w - a +6 ring of intelligence
Wands
 d - a wand of polymorph (3)
 t - a wand of charming (4)
Scrolls
 f - a scroll of fog {unknown}
 g - a scroll of immolation {unknown}
 k - a scroll of blinking {unknown}
 m - a scroll of summoning {unknown}
 o - a scroll of vulnerability {unknown}
 p - a scroll of noise {unknown}
 r - a scroll of revelation {unknown}
 s - a scroll of teleportation {unknown}
 u - 6 scrolls of identify {unknown}
Potions
 e - a potion of brilliance {unknown}
 h - a potion of invisibility {unknown}
 i - 2 potions of attraction {unknown}
 j - a potion of enlightenment {unknown}
 l - 3 potions of heal wounds {unknown}
 n - a potion of magic {unknown}
 x - a potion of degeneration {unknown}


   Skills:
 - Level 2.6 Fighting
 + Level 6.4 Long Blades
 - Level 2.4 Armour
 - Level 2.6 Shields


You had 5 spell levels left.
You didn't know any spells.
Your spell library contained the following spells:

 Spells                   Type           Power      Damage    Failure   Level
 Cause Fear               Hex            0%         N/A       100%        4
 Fireball                 Conj/Fire      0%         3d3       100%        5
 Dragon's Call            Summ           0%         N/A       100%        9


Dungeon Overview and Level Annotations

Branches:
Dungeon (4/15)
 Temple: D:4-7

Altars:

Shops:
D:2 (   D:3 [


Innate Abilities, Weirdness & Mutations

You have extremely sharp teeth.
Your natural rate of healing is unusually fast.
When hurt, damage is shared between your health and your magic reserves.
Your bite disrupts and absorbs the magic of your enemies.
Potions cannot restore your health.


Message History

You kill the hobgoblin!
The kobold throws a stone.
The stone barely misses you.
The kobold throws a stone.
The stone hits you but does no damage. The kobold hits you but does no damage.
You hit the kobold.
You kill the kobold!
No target in view!
Magic restored.
Things that are here:
a +0 short sword; 4 stones; a kobold corpse
x - a fuming brown potion
Found a stone staircase leading up.
A kobold comes into view. It is wielding a +0 dagger.
A kobold is nearby!
A kobold is nearby!
A kobold is nearby!
The kobold shouts!
You completely miss the kobold. The kobold hits you but does no damage.
The kobold closely misses you.
You barely miss the kobold. The kobold hits you with a +0 dagger.
A kobold is nearby!
You hit the kobold.
You kill the kobold!
HP restored.
An ogre comes into view. It is wielding a +0 giant club.
The ogre shouts!
An ogre is nearby!
An ogre is nearby!
The ogre hits you with a +0 giant club.
An ogre is nearby!
You hit the ogre. You bite the ogre, but do no damage.
The ogre is lightly wounded.
You hit the ogre but do no damage.
The ogre is lightly wounded.
The ogre hits you with a +0 giant club.
You closely miss the ogre. You bite the ogre, but do no damage.
The ogre is lightly wounded.
The ogre hits you with a +0 giant club!!
Ouch! That really hurt!
You die...

#.......######.#.#..<.....#
##......)...#.....#.#.#......
....#.......#.....+...# .....
....#.......#.....##### ....
....#.................+ ...
....#.................# ..
......................# .
.....................##
............###.@O....#
....####...#............
###..........+########+.
#..........# #..........#
#..........# #..........#
#..........# #..........#


You could see an ogre.

Vanquished Creatures
  A black bear (D:3)
  A jelly (D:3)
  3 orc priests (D:3)
  Terence (D:3)
  An iguana (D:4)
  An orc wizard (D:3)
  3 adders (D:2)
  7 orcs
  7 endoplasms
  2 giant cockroaches (D:2)
  8 goblins
  5 hobgoblins
  4 jackals
  2 quokkas
  7 ball pythons
  6 bats
  8 frilled lizards
  13 kobolds
  7 rats
87 creatures vanquished.

Notes
Turn   | Place    | Note
-------+----------+-------------------------------------------
     0 | D:1      | gruber the Vine Stalker Fighter began the quest for the
                  | Orb.
     0 | D:1      | Reached XP level 1. HP: 11/11 MP: 2/2
   154 | D:1      | Reached skill level 2 in Long Blades
   185 | D:1      | Reached XP level 2. HP: 16/16 MP: 3/3
   424 | D:1      | Reached skill level 3 in Long Blades
   694 | D:2      | Reached XP level 3. HP: 12/19 MP: 1/4
  1087 | D:2      | Found Daxzivom's Weapon Shop.
  1115 | D:2      | Reached XP level 4. HP: 22/23 MP: 3/5
  1467 | D:2      | Reached skill level 4 in Long Blades
  1735 | D:3      | Found Hergh's Antique Armour Boutique.
  1941 | D:3      | Noticed a black bear
  1966 | D:3      | Killed a black bear
  1967 | D:3      | Reached skill level 5 in Long Blades
  1967 | D:3      | Reached XP level 5. HP: 10/27 MP: 2/6
  2043 | D:3      | Noticed Terence
  2082 | D:3      | Reached XP level 6. HP: 29/32 MP: 5/7
  2089 | D:3      | Killed Terence
  2114 | D:3      | Reached skill level 6 in Long Blades
  2698 | D:4      | Slain by an ogre

Illustrated notes

Levels and vault maps discovered:
D:1:      dpeg_arrival_rooms_b, layout_loops_ring
D:2:      minmay_spotlight, layout_loops_ring, serial_shops,
          nicolae_shop_real_fake_doors, serial_forest,
          infiniplex_forest_straight_2, infiniplex_forest_lined_2,
          infiniplex_forest_end_2, infiniplex_forest_clump_curved,
          infiniplex_forest_straight_1, infiniplex_forest_clump_cross,
          infiniplex_forest_straight_5
D:3:      layout_rooms, serial_shops, shop, hangedman_decor_lopped,
          nrook_campfire, uniq_terence
D:4:      layout_basic, temple_green, minivault_11, minmay_misc_feat_alley

Skill      XL: |  1  2  3  4  5  6 |
---------------+-------------------+-----
Long Blades    | 2 3 5 6 |  6.4
Fighting       | |  2.6
Armour         | |  2.4
Shields        | |  2.6

Action                     |  1- 3 |  4- 6 || total
---------------------------+-------+-------++-------
  Melee: Long sword        |    87 |   175 ||   262
         Bite              |    12 |    52 ||    64
         Unarmed           |       |    14 ||    14
    Use: Potion            |       |     1 ||     1
 Armour: Scale mail        |    78 |   109 ||   187
         Skin              |       |     4 ||     4
  Dodge: Dodged            |    53 |    81 ||   134
  Block: Buckler           |    21 |    50 ||    71

Table legend: (Time is in decaauts)
 A = Elapsed time spent in this place.
 B = Non-inter-level travel time spent in this place.
 C = Inter-level travel time spent in this place.
 D = Time resting spent in this place.
 E = Time spent auto-exploring this place.
 F = Levels seen in this place.
 G = Mean time per level.
                   A        B        C        D        E       F      G
               +--------+--------+--------+--------+--------+-----+--------+
         Total |   2757 |   2654 |    103 |     17 |   1946 |   4 |  689.2 |
       Dungeon |   2757 |   2654 |    103 |     17 |   1946 |   4 |  689.2 |
               +--------+--------+--------+--------+--------+-----+--------+

Top non-repeatable levels by time:
     D:2: 1170 daAuts
     D:3: 793 daAuts
     D:1: 663 daAuts
     D:4: 130 daAuts
